 Seeded DCSS version 0.30.1-11-g7821555f0a (webtiles) character file.

Game seed: 5 (custom seed)

149 Kazon the Ducker (level 5, -1/30 HPs)
             Began as a Vampire Gladiator on Oct 27, 2023.
             Was an Initiate of Makhleb.
             Slain by a black bear (3 damage)
             ... on level 4 of the Dungeon on Oct 30, 2023.
             The game lasted 00:10:42 (2267 turns).

Kazon the Ducker (Vampire Gladiator)                Turns: 2267, Time: 00:10:43

Health: -1/30      AC:  4    Str: 15    XL:     5   Next: 9%
Magic:  14/14      EV:  9    Int: 11    God:    Makhleb [......]
Gold:   183        SH: 11    Dex: 15    Spells: 4/4 levels left

rFire   . . .        e - +2 dagger (vamp)
rCold   + + .        c - +0 tower shield
rNeg    + + +        v - +0 leather armour
rPois   ∞            j - +0 helmet
rElec   +            (no cloak)
rCorr   .            (no gloves)
SInv    +            (no boots)
Will    +....        (no amulet)
Stlth   ++++         f - ring of Lady Luck {rElec Will+ Slay+4}
HPRegen 0.00/turn    s - ring of magical power
MPRegen 0.14/turn

%: no passive effects
@: bloodless, inhibited regen
A: bloodless, fangs 3, see invisible, vampiric 2
a: Bat Form, Revivify, Renounce Religion


You were on level 4 of the Dungeon.
You worshipped Makhleb.
Makhleb was noncommittal.
You visited 2 branches of the dungeon, and saw 5 of its levels.

You collected 183 gold pieces.

Inventory:

Hand Weapons
 a - a +0 long sword
 e - a +2 vampiric dagger (weapon)
Missiles
 d - 3 throwing nets
 g - 14 stones (quivered)
 k - 3 boomerangs
 q - 5 poisoned darts
 r - a javelin
Armour
 c - a +0 tower shield (worn)
 j - a +0 helmet (worn)
 v - a +0 leather armour (worn)
Jewellery
 f - the ring of Lady Luck (left hand) {rElec Will+ Slay+4}
   (You acquired it on level 1 of the Dungeon)

   [ring of slaying]

   Slay:      It affects your accuracy & damage with ranged weapons and melee
   (+4).
   rElec:     It insulates you from electricity.
   Will:      It increases your willpower.
 s - a ring of magical power (right hand)
Scrolls
 h - a scroll of fog {unknown}
 m - 2 scrolls of identify {unknown}
 n - a scroll of summoning {unknown}
 o - a scroll of magic mapping {unknown}
 p - a scroll of blinking {unknown}
 t - 2 scrolls of teleportation {unknown}
 x - a scroll of amnesia {unknown}
 y - a scroll of torment {unknown}
Potions
 b - a potion of berserk rage {unknown}
 i - a potion of resistance {unknown}
 l - 3 potions of curing {unknown}
 u - a potion of flight {unknown}
 w - a potion of invisibility {unknown}


   Skills:
 + Level 2.1 Fighting
 + Level 4.0 Long Blades
 + Level 1.8 Throwing
 + Level 1.1 Armour
 + Level 4.0 Dodging
 + Level 2.5 Stealth
 + Level 1.0 Shields
 * Level 0.1 Invocations


You had 4 spell levels left.
You didn't know any spells.
Your spell library contained the following spells:

 Spells                   Type           Power      Damage    Failure   Level
 Frozen Ramparts          Ice            0%         1d1       100%        3
 Ice Form                 Ice/Tmut       0%         N/A       100%        4
 Summon Ice Beast         Ice/Summ       0%         N/A       100%        4


Dungeon Overview and Level Annotations

Branches:
Dungeon (4/15)             Temple (1/1) D:4

Altars:
Fedhas
Gozag
Makhleb
Okawaru
Qazlal
Wu Jian


Innate Abilities, Weirdness & Mutations

You do not regenerate when monsters are visible.
You are frail without blood (-20% HP).
You can heal yourself when you bite living creatures.
You are immune to poison.
You have razor-sharp teeth.
You have supernaturally acute eyesight. (SInv)
You are afflicted with vampirism and can become a bat while bloodless.


Message History

The black bear bites you. You block the black bear's attack.
The black bear claws you.
The black bear bites you but does no damage.
You block the black bear's attack. The black bear barely misses you.
You hit the black bear.
You feel better.
The black bear is moderately wounded.
You block the black bear's attack. x2
The black bear claws you but does no damage.
You hit the black bear.
You feel better.
The black bear is moderately wounded.
The black bear bites you! You block the black bear's attack.
The black bear misses you.
You barely miss the black bear.
The black bear is moderately wounded.
The black bear barely misses you. The black bear claws you.
The black bear claws you but does no damage.
You hit the black bear.
You feel better.
The black bear is moderately wounded.
You block the black bear's attack. The black bear barely misses you.
You block the black bear's attack. The black bear bites you.
The black bear claws you but does no damage.
The black bear barely misses you.
You hit the black bear. Your bite misses the black bear.
The black bear is severely wounded.
You block the black bear's attack. x2; The black bear claws you.
* * * LOW HITPOINT WARNING * * *
You barely miss the black bear.
The black bear is severely wounded.
The black bear bites you.
* * * LOW HITPOINT WARNING * * *
The black bear claws you.
* * * LOW HITPOINT WARNING * * *
You block the black bear's attack.
You hit the black bear.
You feel better.
The black bear is almost dead.
The black bear goes berserk!
You block the black bear's attack. The black bear claws you.
* * * LOW HITPOINT WARNING * * *
The black bear claws you.
You die...

.....###..##.######.
..>.......... ...#.
.........##.####.#.
###..##...##........
#...................
#..##.#...)##.#.#.
#.................
#.###.#.##.##.#.#.
#@# #.#.##.##.#.##
#h# #.#.##.##.#..#
#.# ###.##.##.##.#
.o.o...##
#.##.##.##.. .h.....
### .......) .......
.##.#.#. .......
........ ##+##..
.##.#... #.. #
#.....


You could see a black bear (berserk).

Vanquished Creatures
  5 adders
  An ufetubus (D:4)
  3 worms
  6 orcs
  4 bats
  9 endoplasms
  A giant cockroach (D:1)
  12 goblins
  6 hobgoblins
  11 jackals
  3 kobolds
  6 ball pythons
  3 frilled lizards
  4 rats
74 creatures vanquished.

Notes
Turn   | Place    | Note
-------+----------+-------------------------------------------
     0 | D:1      | Kazon the Vampire Gladiator began the quest for the Orb.
     0 | D:1      | Reached XP level 1. HP: 16/16 MP: 1/1
    45 | D:1      | Identified a scroll of acquirement
    45 | D:1      | Acquired the ring of Lady Luck {rElec Will+ Slay+4}
    82 | D:1      | Reached XP level 2. HP: 20/22 MP: 2/2
   447 | D:1      | Gained mutation: You are afflicted with vampirism and can
                  | become a bat while bloodless. [Vampire growth]
   447 | D:1      | Reached XP level 3. HP: 12/21 MP: 3/3
  1080 | D:2      | Reached skill level 1 in Stealth
  1080 | D:2      | Reached XP level 4. HP: 26/26 MP: 4/4
  1370 | D:2      | Reached skill level 1 in Armour
  1569 | D:3      | Found a blossoming altar of Fedhas.
  1724 | D:3      | Found a stormy altar of Qazlal.
  1824 | D:3      | Identified the +2 sling "Qeuhanocyt" {speed, rElec Str-3
                  | Dex+2}
  1842 | D:3      | Found a faded altar of an unknown god.
  2090 | D:4      | Reached XP level 5. HP: 30/30 MP: 5/5
  2158 | D:4      | Found a staircase to the Ecumenical Temple.
  2170 | Temple   | Entered the Ecumenical Temple
  2187 | Temple   | Became a worshipper of Makhleb the Destroyer
  2244 | D:4      | Noticed a black bear
  2253 | D:4      | Reached skill level 1 in Shields
  2267 | D:4      | Slain by a black bear

Illustrated notes

Levels and vault maps discovered:
D:1:      ebering_trefoil_3fold, layout_basic, st_stairs_14, serial_bayou_ford_a
D:2:      layout_basic, hangedman_decor_growths, minmay_close_crescents
D:3:      layout_rooms, mainiacjoe_overflow_concentric_impassable,
          mainiacjoe_overflow_paths, shapermc_ecumenical_altar_acropolis,
          chequers_serial_rivers_micro_b
D:4:      layout_basic, riverfiend_overflow_shadow_ancestor,
          minmay_temple_entry_glass, uniq_sigmund
Temple:   nicolae_temple_elliptical

Skill      XL: |  1  2  3  4  5 |
---------------+----------------+-----
Fighting       | 2 |  2.1
Stealth        | 1 2 |  2.5
Dodging        | 4 |  4.0
Armour         | 1 |  1.1
Long Blades    | 4 |  4.0
Shields        | 1 |  1.0
Throwing       | |  1.8
Invocations    | |  0.1

Action                     |  1- 3 |  4- 6 || total
---------------------------+-------+-------++-------
  Melee: Long sword        |   107 |    39 ||   146
         Bite              |     8 |     4 ||    12
         Dagger            |       |    43 ||    43
  Throw: Stone             |     3 |     5 ||     8
Ability: Exsanguinate      |     1 |       ||     1
    Use: Scroll            |     2 |       ||     2
         Potion            |     1 |       ||     1
   Stab: Sleeping          |     5 |     7 ||    12
 Armour: Leather armour    |    37 |    15 ||    52
  Dodge: Dodged            |    54 |    27 ||    81
  Block: Tower shield      |    42 |    55 ||    97
